 Dungeon Crawl Stone Soup version 0.20.0-15-g7f486f2 (webtiles) character file.

3359 Chiseanne the Destroyer (level 9, -8/85 HPs)
             Began as a Demonspawn Wizard on June 15, 2017.
             Was a Follower of Vehumet.
             Mangled by a two-headed ogre
             ... wielding a +0 giant club
              (18 damage)
             ... on level 8 of the Dungeon.
             The game lasted 00:23:19 (9357 turns).

Chiseanne the Destroyer (Demonspawn Wizard)         Turns: 9357, Time: 00:23:19

Health: -8/85      AC: 10    Str: 13    XL:     9   Next: 73%
Magic:  0/22       EV: 12    Int: 26    God:    Vehumet [*.....]
Gold:   334        SH:  0    Dex: 18    Spells: 14/27 levels left

rFire    . . .     SeeInvis .   a - +2 scimitar
rCold    . . .     Gourm    .   (no shield)
rNeg     . . .     Faith    .   v - +0 robe
rPois    .         Spirit   +   o - +2 helmet {Int+3}
rElec    .         Reflect  .   A - scarf {cloud immunity}
rCorr    .         Harm     .   L - +0 pair of gloves of Dogmatism {+Inv MR- Dex+7}
MR       .....                  H - +0 pair of boots
Stlth    ..........             (no amulet)
Regen    0.3/turn               e - ring of wizardry
MPRegen  0.4/turn               (no ring)

@: berserking, very quick
A: claws 1, yellow scales 2, magic shield, magic regeneration
a: Renounce Religion, Evoke Invisibility


You were on level 8 of the Dungeon.
You worshipped Vehumet.
Vehumet was aware of your devotion.
You were not hungry.

You visited 2 branches of the dungeon, and saw 9 of its levels.

You collected 334 gold pieces.

Inventory:

Hand Weapons
 a - a +2 scimitar (weapon)
 s - a +3 quarterstaff of chaos
Missiles
 h - 53 bolts
 u - 102 arrows
 I - 12 poisoned needles
 K - 3 steel tomahawks (quivered)
 M - 13 sling bullets
Armour
 o - a +2 helmet of intelligence (worn)
 v - a +0 robe (worn)
 x - a +0 shield
 A - a scarf of cloud immunity (worn)
 H - a +0 pair of boots (worn)
 L - the +0 pair of gloves of Dogmatism (worn) {+Inv MR- Dex+7}
   (You found it on level 6 of the Dungeon)

   It affects your dexterity (+7).
   It affects your resistance to hostile enchantments.
   It lets you turn invisible.
Jewellery
 e - a ring of wizardry (left hand)
Wands
 B - a wand of iceblast (0/15)
 C - a wand of iceblast (10/15)
 D - a wand of clouds (5/9)
Scrolls
 c - 7 scrolls of remove curse
 i - a scroll of enchant armour
 n - 4 scrolls of amnesia
 w - 3 scrolls of fog
 y - 4 scrolls of teleportation
 G - a scroll of magic mapping
 J - 5 scrolls of identify
Potions
 b - a potion of mutation
 f - 2 potions of might
 g - 2 potions of brilliance
 j - 2 potions of cancellation
 m - a potion of haste
 p - a potion of heal wounds
 q - 3 potions of curing
 r - a potion of lignification
 t - a potion of berserk rage
 E - a potion of flight
Comestibles
 d - 3 bread rations
 k - a fruit
 l - 3 royal jellies
 z - 5 meat rations
 F - 4 chunks of flesh


   Skills:
 - Level 1.7 Dodging
 - Level 1.7 Stealth
 * Level 9.5 Spellcasting
 * Level 9.8 Conjurations
   Level 1.0 Summonings
 - Level 0.8 Translocations


You had 14 spell levels left.
You knew the following spells:

 Your Spells              Type           Power        Failure   Level  Hunger
a - Magic Dart            Conj           ####         1%          1    None
b - Dazzling Spray        Conj/Hex       #####.       1%          3    None
c - Conjure Flame         Conj/Fire      #####...     1%          3    None
d - Mephitic Cloud        Conj/Pois/Air  ####....     1%          3    None
e - Blink                 Tloc           N/A          1%          2    None
f - Apportation           Tloc           ###...       1%          1    None


Dungeon Overview and Level Annotations

Branches:
Dungeon (8/15)             Temple (1/1) D:6            Lair (0/6) D:8

Altars:
Ashenzari
Cheibriados
Dithmenos
Elyvilon
Fedhas
Gozag
Hepliaklqana
Kikubaaqudgha
Makhleb
Nemelex Xobeh
Qazlal
Ru
Sif Muna
Trog
Uskayaw
Vehumet
Xom
Yredelemnul
Zin
The Shining One


Innate Abilities, Weirdness & Mutations

You have sharp fingernails.
You are mostly covered in yellow scales. (AC +3)
When hurt, damage is shared between your health and your magic reserves.
You regenerate magic rapidly.


Message History

You feel yourself moving faster!
You feel mighty!
The two-headed ogre hits you with a giant club!!
The two-headed ogre barely misses you.
You slash the two-headed ogre!
The two-headed ogre is almost dead.
The two-headed ogre hits you with a giant club!!
* * * LOW HITPOINT WARNING * * *
The two-headed ogre barely misses you.
You barely miss the two-headed ogre.
The two-headed ogre is almost dead.
The two-headed ogre hits you with a giant club.
* * * LOW HITPOINT WARNING * * *
The two-headed ogre hits you with a dire flail!
* * * LOW HITPOINT WARNING * * *
You barely miss the two-headed ogre.
The two-headed ogre is almost dead.
The two-headed ogre misses you.
You riposte.
You slash the two-headed ogre!
The two-headed ogre is almost dead.
The two-headed ogre hits you with a dire flail!!
You die...

# #..PPPPP..P...P..# ###
#..PP.P####).....#
..###########...P..#..'..PPP.#
...............P...#>(#P.....#
#.######.#####P.P..####.P.P.##
....# #.## #...P.....P.P..#
....# #..# ##PP.......P..##
....# ##.# #P...P.P.....#
....# #.### ##@O..PP...P##
....#####...######......###
........###...# ###.####
.....##..<###.# #.#
...#.####.# #.# #.#
##.....##.# #.# #.#####
.....#..#.###.### #.....#
.....##.#...#...####.....#
.....)..........>........#


You could see a two-headed ogre.

Vanquished Creatures
  Pikel (D:5)
  Sigmund (D:3)
  A yak (D:8)
  A porcupine (D:8)
  2 orc warriors
  An ice beast (D:8)
  A sky beast (D:5)
  3 slaves (D:5)
  2 phantoms (D:6)
  4 ogres
  A gnoll sergeant (D:8)
  3 bullfrogs
  A wyvern zombie (D:5)
  A scorpion (D:4)
  5 wights (D:8)
  3 crimson imps
  A bullfrog zombie (D:5)
  A centaur skeleton (D:7)
  4 hounds
  2 jellies
  2 orc priests
  Crazy Yiuf (D:5)
  5 orc wizards
  Ijyb (D:5)
  3 iguanas (D:4)
  2 worker ants
  A hound zombie (D:6)
  3 hound skeletons
  A worker ant zombie (D:6)
  7 adders
  3 gnolls (D:5)
  2 shadow imps
  5 oozes
  2 adder skeletons
  A worm (D:2)
  2 dart slugs (D:1)
  5 leopard geckos
  27 orcs
  A ball python (D:2)
  11 bats
  8 giant cockroaches
  6 goblins
  5 hobgoblins
  5 jackals
  4 kobolds
  7 quokkas
  6 frilled lizards
  A jackal skeleton (D:5)
  A quokka skeleton (D:7)
  8 rats
  2 fungi (D:8)
177 creatures vanquished.

Vanquished Creatures (others)
  2 centaurs (D:6)
2 creatures vanquished.

Grand Total: 179 creatures vanquished

Notes
Turn   | Place    | Note
-------+----------+-------------------------------------------
     0 | D:1      | Chiseanne the Demonspawn Wizard began the quest for the Orb.
     0 | D:1      | Reached XP level 1. HP: 13/13 MP: 4/4
   226 | D:1      | Gained mutation: You are partially covered in yellow scales. (AC +2) [demonic ancestry]
   226 | D:1      | Reached XP level 2. HP: 19/19 MP: 0/6
  1057 | D:1      | Learned a level 2 spell: Blink
  1307 | D:2      | Found a hazy altar of Hepliaklqana.
  1327 | D:2      | Reached XP level 3. HP: 24/24 MP: 2/8
  1938 | D:2      | Gained mutation: When hurt, damage is shared between your health and your magic reserves. [demonic ancestry]
  1938 | D:2      | Reached XP level 4. HP: 19/30 MP: 1/9
  2103 | D:2      | Learned a level 3 spell: Conjure Flame
  2107 | D:2      | Learned a level 3 spell: Mephitic Cloud
  2400 | D:3      | Noticed Sigmund
  2478 | D:3      | Killed Sigmund
  2478 | D:3      | Gained mutation: You regenerate magic rapidly. [demonic ancestry]
  2478 | D:3      | Reached XP level 5. HP: 35/35 MP: 0/12
  2565 | D:3      | Reached XP level 6. HP: 40/41 MP: 7/13
  2710 | D:3      | Reached skill level 5 in Spellcasting
  2875 | D:3      | Learned a level 1 spell: Apportation
  3697 | D:4      | Reached skill level 5 in Conjurations
  3789 | D:4      | Gained mutation: You are mostly covered in yellow scales. (AC +3) [demonic ancestry]
  3789 | D:4      | Reached XP level 7. HP: 46/46 MP: 11/15
  4446 | D:4      | Found a deep blue altar of Sif Muna.
  4920 | D:5      | Entered Level 5 of the Dungeon
  5119 | D:5      | Found a burning altar of Makhleb.
  5208 | D:5      | Reached XP level 8. HP: 52/52 MP: 2/17
  5318 | D:5      | HP: 2/78 [wyvern zombie (9)]
  5730 | D:5      | Noticed Ijyb
  5745 | D:5      | Killed Ijyb
  5912 | D:5      | Noticed Pikel
  5959 | D:5      | Killed Pikel
  6063 | D:5      | Found a runed door.
  6067 | D:5      | Noticed Crazy Yiuf
  6076 | D:5      | Killed Crazy Yiuf
  6383 | D:6      | Found a shimmering altar of Xom.
  6917 | D:6      | Found a staircase to the Ecumenical Temple.
  6924 | Temple   | Entered the Ecumenical Temple
  6975 | Temple   | Became a worshipper of Vehumet
  7063 | D:6      | Gained mutation: You have sharp fingernails. [demonic ancestry]
  7063 | D:6      | Reached XP level 9. HP: 57/57 MP: 13/21
  7389 | D:6      | Got a pair of ichor-stained gloves
  7415 | D:6      | Identified the +0 pair of gloves of Dogmatism {+Inv MR- Dex+7} (You found it on level 6 of the Dungeon)
  7893 | D:7      | Found a glowing golden altar of the Shining One.
  8211 | D:7      | Learned a level 3 spell: Dazzling Spray
  8223 | D:8      | Found a snail-covered altar of Cheibriados.
  8338 | D:8      | Reached * piety under Vehumet
  8338 | D:8      | Offered knowledge of Sting by Vehumet.
  8883 | D:8      | Found a stormy altar of Qazlal.
  9138 | D:8      | Found a staircase to the Lair.
  9331 | D:8      | Noticed a two-headed ogre
  9357 | D:8      | Mangled by a two-headed ogre

Skill      XL: |  1  2  3  4  5  6  7  8  9 |
---------------+----------------------------+-----
Conjurations   | 2 4 5 6 8 9 |  9.8
Spellcasting   | 4 5 6 8 9 |  9.5
Dodging        | |  1.7
Stealth        | |  1.7
Summonings     | |  1.0
Translocations | |  0.8

Action                   |  1- 3 |  4- 6 |  7- 9 || total
-------------------------+-------+-------+-------++-------
Melee: Dagger            |    16 |    47 |       ||    63
       Scimitar          |       |       |    76 ||    76
       Quarterstaff      |       |       |     1 ||     1
Throw: Tomahawk          |       |       |     3 ||     3
 Cast: Magic Dart        |    86 |   129 |   393 ||   608
       Mephitic Cloud    |       |    10 |    21 ||    31
       Conjure Flame     |       |     1 |    23 ||    24
       Dazzling Spray    |       |       |     6 ||     6
       Blink             |       |       |     2 ||     2
Evoke: Wand              |       |       |     4 ||     4
  Use: Scroll            |     6 |     4 |    13 ||    23
       Potion            |       |       |     6 ||     6
  Eat: Chunk             |     3 |     6 |    15 ||    24
       Fruit             |       |       |     2 ||     2
Armor: Robe              |    13 |    15 |    51 ||    79
Dodge: Dodged            |    19 |    44 |   103 ||   166
       Rpst.: Scimitar   |       |       |    26 ||    26
